 Dungeon Crawl Stone Soup version 0.30-a0-222-ge547ba4400 (webtiles) character file.

Game seed: 6516622136649630549

163 Aibolit the Chopper (level 5, -12/46 HPs)
             Began as a Hill Orc Fighter on Oct 8, 2022.
             Mangled by an ice beast (14 damage)
             ... on level 3 of the Dungeon.
             The game lasted 00:06:40 (2264 turns).

Aibolit the Chopper (Hill Orc Fighter)              Turns: 2264, Time: 00:06:40

Health: -12/46     AC: 13    Str: 21    XL:     5   Next: 44%
Magic:  5/5        EV:  7    Int:  8    God:
Gold:   184        SH:  5    Dex: 16    Spells: 4/4 levels left

rFire   . . .      SeeInvis .    a - +0 war axe
rCold   . . .      Faith    .    c - +0 buckler
rNeg    + . .      Spirit   .    m - +0 chain mail
rPois   .          Reflect  .    p - +0 helmet
rElec   .          Harm     .    (no cloak)
rCorr   .          Rampage  .    n - +2 pair of gloves
Will    .....                    (no boots)
Stlth   ..........               (no amulet)
HPRegen 0.27/turn                h - ring of positive energy
MPRegen 0.09/turn                q - +6 ring of dexterity

@: no status effects
A: no striking features
a: no special abilities


You were on level 3 of the Dungeon.
You visited 1 branch of the dungeon, and saw 3 of its levels.

You collected 184 gold pieces.

Inventory:

Hand Weapons
 a - a +0 war axe (weapon)
Armour
 c - a +0 buckler (worn)
 m - a +0 chain mail (worn)
 n - a +2 pair of gloves (worn)
 p - a +0 helmet (worn)
Jewellery
 h - a ring of positive energy (left hand)
 o - a ring of wizardry
 q - a +6 ring of dexterity (right hand)
Scrolls
 b - a scroll of enchant armour {unknown}
 e - a scroll of blinking {unknown}
 f - a scroll of torment {unknown}
 g - 2 scrolls of identify {unknown}
 k - a scroll of fear {unknown}
 l - a scroll of teleportation {unknown}
Potions
 d - a potion of might
 i - a potion of invisibility {unknown}
 j - a potion of flight {unknown}
 r - a potion of attraction {unknown}


   Skills:
 + Level 4.3 Fighting
 + Level 5.2 Axes
 + Level 4.3 Armour
 + Level 0.1 Dodging
 + Level 3.9 Shields


You had 4 spell levels left.
You didn't know any spells.
Your spell library was empty.

Dungeon Overview and Level Annotations

Branches:
Dungeon (3/15)

Altars:
Makhleb
Ru


Message History

The ice beast closely misses you.
You hit the ice beast.
The ice beast is moderately wounded.
You block the ice beast's attack.
The ice beast hits you but does no damage.
You barely miss the ice beast.
The ice beast is moderately wounded.
The ice beast hits you but does no damage.
You slash the ice beast!
The ice beast is severely wounded.
The ice beast hits you. The ice beast freezes you!
You are too injured to fight recklessly!
You are too injured to fight recklessly!
You are too injured to fight recklessly!
An ice beast is nearby!
You are too injured to fight recklessly!
You are too injured to fight recklessly!
An ice beast is nearby!
You are too injured to fight recklessly!
An ice beast is nearby!
You are too injured to fight recklessly!
An ice beast is nearby!
You are too injured to fight recklessly!
You hit the ice beast but do no damage.
The ice beast is severely wounded.
The ice beast hits you. The ice beast freezes you!
* * * LOW HITPOINT WARNING * * *
You barely miss the ice beast.
The ice beast is severely wounded.
The ice beast hits you.
* * * LOW HITPOINT WARNING * * *
The ice beast freezes you!
* * * LOW HITPOINT WARNING * * *
The ice beast hits you but does no damage.
You completely miss the ice beast.
The ice beast is severely wounded.
The ice beast hits you.
* * * LOW HITPOINT WARNING * * *
The ice beast freezes you!
You die...

.......(.# #.......# #.#
..####.#.####.#..##.# #.#
..##..........#...#.###.###
..##.#.#.#####............#
.......#.# ##...#######.#
.###.###.# ##.## #.# .........#
#.# #.# ####.##### #.# #.# #>#
#@# ##.## #.# #..Y# #...######
#.### #.....# #.#........ #.#.##
#.......##.##..#.###.
####....####.........#.##.....##.
.....[.....+.........+...........
........####.........##.#...#.##.
.....<.## ##.......####...##.##.
.......# ##........


You could see an ice beast.

Vanquished Creatures
  Natasha (twice) (D:3)
  An orc wizard (D:3)
  Robin (D:3)
  3 dart slugs
  6 orcs (D:3)
  3 endoplasms
  4 giant cockroaches
  11 goblins
  9 hobgoblins
  A quokka (D:1)
  3 ball pythons
  12 frilled lizards
  5 kobolds
  4 rats
65 creatures vanquished.

Notes
Turn   | Place    | Note
-------+----------+-------------------------------------------
     0 | D:1      | Aibolit the Hill Orc Fighter began the quest for the Orb.
     0 | D:1      | Reached XP level 1. HP: 19/19 MP: 1/1
    97 | D:1      | Reached XP level 2. HP: 27/27 MP: 2/2
   232 | D:1      | Reached skill level 3 in Axes
   899 | D:2      | Reached XP level 3. HP: 33/33 MP: 3/3
  1031 | D:2      | Found a faded altar of an unknown god.
  1483 | D:3      | Noticed Robin
  1674 | D:2      | Reached skill level 4 in Axes
  1675 | D:2      | Reached XP level 4. HP: 40/40 MP: 4/4
  1695 | D:3      | Killed Robin
  1756 | D:3      | Noticed Natasha
  1773 | D:3      | Killed Natasha
  1904 | D:3      | Reached XP level 5. HP: 46/46 MP: 5/5
  1979 | D:3      | Found a burning altar of Makhleb.
  2102 | D:3      | Noticed Natasha
  2113 | D:3      | Killed Natasha
  2114 | D:3      | Reached skill level 5 in Axes
  2204 | D:3      | Found a sacrificial altar of Ru.
  2254 | D:3      | Noticed an ice beast
  2264 | D:3      | HP: 2/46 [ice beast (3)]
  2264 | D:3      | Mangled by an ice beast

Illustrated notes

Levels and vault maps discovered:
D:1:      wander_arrival_desolate, layout_basic, chequers_jeans,
          minmay_lizard_pond
D:2:      layout_loops_ring, shapermc_ecumenical_altar_starsandcircs
D:3:      layout_loops_corners, nicolae_ru_awakened_eye,
          mainiacjoe_overflow_tiny_flanked, minmay_goblin_kobold_house,
          uniq_robin, uniq_natasha

Skill      XL: |  1  2  3  4  5 |
---------------+----------------+-----
Axes           | 3 4 5 |  5.2
Armour         | 4 |  4.3
Fighting       | 4 |  4.3
Dodging        | |  0.1
Shields        | |  3.9

Action                   |  1- 3 |  4- 6 || total
-------------------------+-------+-------++-------
Melee: War axe           |   102 |    69 ||   171
  Use: Potion            |     1 |       ||     1
Armor: Scale mail        |    29 |       ||    29
       Chain mail        |    38 |    38 ||    76
Dodge: Dodged            |    62 |    14 ||    76
Block: Buckler           |    20 |    12 ||    32

Table legend: (Time is in decaauts)
 A = Elapsed time spent in this place.
 B = Non-inter-level travel time spent in this place.
 C = Inter-level travel time spent in this place.
 D = Time resting spent in this place.
 E = Time spent auto-exploring this place.
 F = Levels seen in this place.
 G = Mean time per level.
                   A        B        C        D        E       F      G
               +--------+--------+--------+--------+--------+-----+--------+
         Total |   2329 |   2154 |    175 |    269 |   1429 |   3 |  776.3 |
       Dungeon |   2329 |   2154 |    175 |    269 |   1429 |   3 |  776.3 |
               +--------+--------+--------+--------+--------+-----+--------+

Top non-repeatable levels by time:
     D:1: 913 daAuts
     D:2: 809 daAuts
     D:3: 607 daAuts
